 Dungeon Crawl Stone Soup version 0.27.0-1-g7a089689b8 (webtiles) character file.

Game seed: 1855882539825043835

3277 MajorAdolf the Covert (level 10, -7/153 HPs)
             Began as a Naga Wanderer on Aug 16, 2021.
             Was an Initiate of Gozag.
             Mangled by a basilisk (16 damage)
             ... on level 8 of the Dungeon.
             The game lasted 00:14:09 (13199 turns).

MajorAdolf the Covert (Naga Wanderer)              Turns: 13199, Time: 00:14:09

Health: -7/153     AC:  5    Str: 15    XL:     10   Next: 0%
Magic:  19/19      EV:  9    Int: 16    God:    Gozag
Gold:   849        SH:  0    Dex: 10    Spells: 9/9 levels left

rFire    + . .     SeeInvis +   e - +7 quarterstaff
rCold    . . .     Faith    .   (shield currently unavailable)
rNeg     . . .     Spirit   .   c - +0 robe
rPois    +         Reflect  .   (no helmet)
rElec    .         Harm     .   (no cloak)
rCorr    .         Rampage  .   o - +0 pair of gloves
Will     +....                  (no barding)
Stlth    ..........             r - amulet of magic regeneration
HPRegen  0.35/turn              g - ring of magical power
MPRegen  0.41/turn              t - ring of protection from fire

@: berserking, quick
A: AC +3, large, see invisible, deformed body, poison resistance, slowness 2,
spit poison 1, naga tail 1
a: Spit Poison, Renounce Religion, Potion Petition, Call Merchant, Bribe Branch


You were on level 8 of the Dungeon.
You worshipped Gozag.
Gozag was pleased with you.
You visited 2 branches of the dungeon, and saw 9 of its levels.

You collected 924 gold pieces.
You paid 75 gold pieces to Gozag.

Inventory:

Hand Weapons
 e - a +7 quarterstaff (weapon)
Missiles
 w - a throwing net
Armour
 c - a +0 robe (worn)
 o - a +0 pair of gloves (worn)
 q - a +0 buckler
Jewellery
 f - a ring of fire
 g - a ring of magical power (left hand)
 m - a ring of magical power
 r - an amulet of magic regeneration (around neck)
 t - a ring of protection from fire (right hand)
Wands
 h - a wand of charming (9)
 k - a wand of flame (36)
Scrolls
 d - 4 scrolls of identify
 i - 3 scrolls of noise
 l - a scroll of magic mapping
 n - a scroll of fog {unknown}
 p - a scroll of summoning
 y - a scroll of fear
Potions
 a - a potion of might {unknown}
 b - 2 potions of curing
 j - a potion of brilliance
 s - a potion of invisibility
 u - a potion of lignification {unknown}
 v - a potion of degeneration {unknown}


   Skills:
 + Level 9.9 Fighting
 - Level 2.0 Staves
 - Level 1.0 Crossbows
 - Level 1.0 Throwing
 - Level 1.0 Armour
 - Level 1.5 Dodging
 + Level 14.2 Stealth
 - Level 1.0 Evocations


You had 9 spell levels left.
You didn't know any spells.
Your spell library contained the following spells:

 Spells                   Type           Power      Damage    Failure   Level
 Blink                    Tloc           N/A        N/A       36%         2
 Sublimation of Blood     Necr           0%         N/A       36%         2
 Wereblood                Tmut           0%         N/A       36%         2
 Lesser Beckoning         Tloc           0%         N/A       58%         3
 Animate Dead             Necr           0%         N/A       94%         4
 Summon Ice Beast         Ice/Summ       0%         N/A       94%         4
 Borgnjor's Vile Clutch   Necr/Erth      0%         N/A       100%        5
 Manifold Assault         Tloc           0%         N/A       100%        5
 Summon Mana Viper        Hex/Summ       0%         N/A       100%        5
 Death Channel            Necr           0%         N/A       100%        6
 Monstrous Menagerie      Summ           0%         N/A       100%        7
 Summon Hydra             Summ           0%         N/A       100%        7


Dungeon Overview and Level Annotations

Branches:
Dungeon (8/15)             Temple (1/1) D:4            Lair (0/6) D:8

Altars:
Ashenzari
Fedhas
Gozag
Hepliaklqana
Kikubaaqudgha
Makhleb
Nemelex Xobeh
Okawaru
Qazlal
Ru
Sif Muna
Trog
Vehumet
Wu Jian
Zin

Annotations:
D:3 2 transporters, ChuckMortician's ghost, amateur DrFE
D:5 1 runed translucent door, shotgunwizard22's ghost, novice MiFi


Innate Abilities, Weirdness & Mutations

Your serpentine skin is tough. (AC +3)
You have supernaturally acute eyesight. (SInv)
Armour fits poorly on your strangely shaped body.
Your system is resistant to poisons. (rPois)
You cover ground very slowly.
You can spit poison.
You have a snake-like lower body.


Message History

The basilisk bites you! The elephant tramples you!
* * * LOW HITPOINT WARNING * * *
You hold your ground!
The elephant trunk-slaps you but does no damage.
The basilisk gazes at you.
You easily resist.
The elephant tramples you.
* * * LOW HITPOINT WARNING * * *
You hold your ground!
The elephant trunk-slaps you. The basilisk gazes at you.
You easily resist.
You turn to flesh and can move again.
Unknown command.
Okay, then.
A red film seems to cover your vision as you go berserk!
You feel yourself moving faster!
You feel mighty! The elephant tramples you!
* * * LOW HITPOINT WARNING * * *
You hold your ground!
The elephant trunk-slaps you but does no damage.
The basilisk gazes at you.
You easily resist.
You closely miss the basilisk.
The basilisk is moderately wounded.
The elephant closely misses you.
The elephant trunk-slaps you but does no damage.
The basilisk bites you!
* * * LOW HITPOINT WARNING * * *
You hit the basilisk.
The basilisk is heavily wounded.
The elephant tramples you!
* * * LOW HITPOINT WARNING * * *
You hold your ground!
The elephant trunk-slaps you but does no damage.
Unknown command.
You sock the basilisk!
The basilisk is almost dead.
The basilisk bites you!
You die...
Your body crumbles into a pile of gold.

#..########## #
#..##.#.....# .#
#...........###.###
#...#)............
#...............#
#...............#
#...............#
#.....#'##.(Y...#
#.###.#.##.@ll..#
#.# #.#.#####...#
#.###.#.# ....#
#.....#.# .....#
#.....#.# P..P.#
#.....#.# .......$
##.....#.# ..l...#
#..>..<# l>.....
#.....##


You could see an elephant, a basilisk and a wyvern.

Vanquished Creatures
  A two-headed ogre (D:5)
  A steam dragon (D:8)
  An ice beast (D:6)
  A sky beast (D:7)
  4 black bears
  A hornet zombie (D:6)
  A necrophage (D:4)
  2 centaurs (D:7)
  An ogre (D:5)
  Blork the orc (D:6)
  2 bullfrogs
  3 scorpions
  A wyvern zombie (D:5)
  A water moccasin zombie (D:5)
  A water moccasin skeleton (D:5)
  A jelly (D:5)
  3 wights (D:6)
  A bullfrog zombie (D:5)
  4 hounds
  3 orc priests (D:6)
  2 gnoll shamans
  2 orc wizards
  Jessica (D:2)
  Ijyb (D:3)
  3 iguanas
  A killer bee zombie (D:5)
  A howler monkey zombie (D:7)
  6 adders
  17 gnolls
  A howler monkey skeleton (D:7)
  A shadow imp (D:6)
  3 white imps (D:7)
  2 ufetubi
  An adder skeleton (D:4)
  3 worms
  3 dart slugs
  19 orcs
  5 ball pythons
  4 bats
  3 endoplasms (D:4)
  A giant cockroach (D:3)
  4 hobgoblins
  5 jackals
  4 kobolds
  7 quokkas
  2 frilled lizards
  9 goblins
  5 rats
150 creatures vanquished.

Vanquished Creatures (others)
  A fungus (D:8)
1 creature vanquished.

Grand Total: 151 creatures vanquished

Notes
Turn   | Place    | Note
-------+----------+-------------------------------------------
     0 | D:1      | MajorAdolf the Naga Wanderer began the quest for the Orb.
     0 | D:1      | MajorAdolf set off with the following items: a +2
                  | quarterstaff, 2 potions of curing, a +0 robe
     0 | D:1      | Reached XP level 1. HP: 19/19 MP: 1/1
   268 | D:1      | You fall into a shaft and drop 1 floor!
   271 | D:2      | Reached skill level 1 in Stealth
   392 | D:2      | Found a sparkling altar of Nemelex Xobeh.
   392 | D:2      | Noticed Jessica
   418 | D:2      | Reached XP level 2. HP: 14/27 MP: 2/2
   619 | D:2      | Reached skill level 2 in Stealth
   988 | D:1      | Reached XP level 3. HP: 29/33 MP: 3/3
  1167 | D:1      | Reached skill level 3 in Stealth
  2385 | D:2      | Killed Jessica
  2386 | D:2      | Reached skill level 4 in Stealth
  2386 | D:2      | Reached XP level 4. HP: 38/42 MP: 4/4
  2589 | D:3      | Found a transporter.
  2591 | D:3      | Noticed ChuckMortician's ghost (amateur DrFE)
  2688 | D:3      | Found a transporter.
  2773 | D:3      | Noticed Ijyb
  2776 | D:3      | Paralysed by Ijyb for 4 turns
  2793 | D:3      | Killed Ijyb
  3101 | D:3      | Reached XP level 5. HP: 50/50 MP: 5/5
  3111 | D:3      | Reached skill level 5 in Stealth
  3345 | D:3      | Found a faded altar of an unknown god.
  3881 | D:4      | Found a blossoming altar of Fedhas.
  4021 | D:4      | Reached skill level 6 in Stealth
  4162 | D:4      | Reached XP level 6. HP: 58/58 MP: 6/6
  4457 | D:4      | Found a broken altar of Ashenzari.
  4546 | D:4      | Found a staircase to the Ecumenical Temple.
  4701 | Temple   | Entered the Ecumenical Temple
  4933 | Temple   | Became a worshipper of Gozag Ym Sagoz the Greedy
  5040 | D:4      | Reached skill level 5 in Fighting
  5040 | D:4      | Reached skill level 7 in Stealth
  5558 | D:4      | Noticed a necrophage
  5569 | D:4      | Killed a necrophage
  5570 | D:4      | Reached XP level 7. HP: 48/66 MP: 7/7
  6058 | D:5      | Entered Level 5 of the Dungeon
  6275 | D:5      | Reached skill level 8 in Stealth
  6931 | D:5      | Reached skill level 9 in Stealth
  7207 | D:5      | Reached XP level 8. HP: 47/78 MP: 8/8
  7213 | D:5      | Noticed a two-headed ogre
  7437 | D:6      | Reached skill level 10 in Stealth
  7485 | D:5      | Found a runed translucent door.
  7486 | D:5      | Noticed a troll
  8112 | D:5      | Noticed shotgunwizard22's ghost (novice MiFi)
  8193 | D:5      | Killed a two-headed ogre
  8194 | D:5      | Reached skill level 12 in Stealth
  8194 | D:5      | Reached XP level 9. HP: 90/90 MP: 9/9
 10113 | D:6      | Found a faded altar of an unknown god.
 10113 | D:6      | Noticed Blork the orc
 10122 | D:6      | Killed Blork the orc
 10191 | D:6      | Found a hazy altar of Hepliaklqana.
 10517 | D:6      | Reached skill level 13 in Stealth
 12945 | D:7      | Reached skill level 14 in Stealth
 13097 | D:8      | Reached XP level 10. HP: 96/102 MP: 10/10
 13175 | D:8      | Found a staircase to the Lair.
 13175 | D:8      | Noticed an elephant
 13199 | D:8      | Mangled by a basilisk

Illustrated notes

Levels and vault maps discovered:
D:1:      dpeg_arrival_morbid_curiosity, layout_basic, nrook_uturn
D:2:      layout_basic, basic_altar, lemuel_another_geyser, uniq_jessica
D:3:      layout_rooms, hellmonk_ecumenical_altar_crossroads,
          gammafunk_ghost_stat_death, grunt_decor_junction, uniq_ijyb
D:4:      layout_basic, mainiacjoe_overflow_tiny_flanked, ashenzari_altar_1,
          minmay_temple_entry_waves, kennysheep_small_spiral
D:5:      lemuel_ice_spiral_2, layout_basic, ebering_ghost_inner_flame
D:6:      layout_gridville, beargit_hepliaklqana_dungeon_heroes
D:7:      layout_basic, kennysheep_nondescript
D:8:      layout_basic, slow_altar_2, mainiacjoe_overflow_small_starburst,
          general_overflow_altar, david_lair_generic, kennysheep_just_a_vault
Temple:   minmay_temple_curvy_loop

Skill      XL: |  1  2  3  4  5  6  7  8  9 |
---------------+----------------------------+-----
Stealth        | 1 2 4 6 7 9 12 14 | 14.2
Fighting       | 3 4 5 6 8 9 |  9.9
Staves         | |  2.0
Crossbows      | |  1.0
Throwing       | |  1.0
Armour         | |  1.0
Dodging        | |  1.5
Evocations     | |  1.0

Action                   |  1- 3 |  4- 6 |  7- 9 | 10-12 || total
-------------------------+-------+-------+-------+-------++-------
Melee: Quarterstaff      |    57 |   120 |   282 |     5 ||   464
 Abil: Spit Poison       |    19 |    23 |    37 |       ||    79
Evoke: Wand              |       |       |     4 |       ||     4
  Use: Scroll            |       |     4 |     6 |       ||    10
       Potion            |       |     1 |     5 |     1 ||     7
 Stab: Sleeping          |     4 |     4 |    10 |       ||    18
       Paralysed         |       |       |     6 |       ||     6
       Distracted        |       |       |     2 |       ||     2
       Invisible         |       |       |     1 |       ||     1
Armor: Robe              |     9 |    16 |   103 |     8 ||   136
Dodge: Dodged            |    20 |    51 |   166 |     3 ||   240
